Map: Frozen Temple

Players

Zecrum

  • Race: Zerg Zerg

Divain - Winner!

  • Race: Terran Terran

VOD

Have the link to the VOD?

Description

Time

  • Played on: April 17, 2016, 3:21 p.m.
  • Length: 8:34
Show
View Real Time Build Order
Export as new Build Order

Zecrum Zerg 

Build Orders: Hatch First 

Get SALT Encoding   

  12  0:01  Drone  
  13  0:08  Drone  
  14  0:17  Overlord  
  14  0:22  Extractor  
  14  0:24  Drone  
  15  0:36  Drone x2  
  17  0:54  Hatchery  
  17  0:56  Drone  
  17  1:00  Extractor  
  17  1:02  Drone  
  17  1:17  Spawning Pool  
  16  1:21  Drone  
  16  1:22  Drone  
  18  1:33  Overlord  
  18  1:40  Drone  
  19  2:04  Metabolic Boost, Queen  
  19  2:07  Zergling x4  
  23  2:09  Drone  
  23  2:12  Queen  
  26  2:16  Drone  
  26  2:20  Drone  
  28  2:24  Drone  
  29  2:36  Drone x2  
  31  2:41  Drone  
  32  2:45  Overlord  
  32  2:52  Drone  
  32  2:54  Queen  
  35  3:02  Overlord  
  35  3:03  Queen  
  37  3:21  Drone  
  37  3:22  Drone x7  
  37  3:23  Drone  
  46  3:46  Hatchery  
  46  3:47  Drone x2, Extractor  
  49  3:48  Drone x3  
  49  4:00  Drone, Extractor  
  49  4:01  Drone  
  49  4:02  Drone x2  
  50  4:19  Lair  
  50  4:20  Zergling x2  
  50  4:21  Zergling x2  
  50  4:22  Overlord x2  
  52  4:40  Extractor  
  52  4:41  Zergling x12  
  52  4:42  Zergling x2  
  58  4:56  Drone x2, Evolution Chamber  
  58  4:58  Evolution Chamber  
  58  5:02  Drone x6  
  58  5:03  Drone x2  
  66  5:13  Queen  
  68  5:15  Drone x2  
  68  5:16  Overlord  
  70  5:25  Zerg Melee Weapons Level 1, Zerg Ground Armor Level 1  
  70  5:26  Overlord  
  70  5:27  Overlord, Drone  
  70  5:28  Drone x3  
  74  5:43  Drone  
  74  5:44  Baneling Nest  
  74  5:51  Drone x2  
  74  5:53  Zergling x8  
  74  5:56  Overlord x2  
  80  6:02  Drone  
  81  6:04  Zergling x4  
  81  6:05  Zergling x6  
  81  6:07  Hatchery  
  85  6:18  Overlord  
  83  6:35  Baneling x2  
  83  6:36  Baneling x6  
  83  6:37  Baneling  
  83  6:39  Zergling x2  
  84  6:40  Zergling x20  
  84  6:44  Spire  
  93  6:53  Drone  
  94  6:55  Drone x3  
  94  6:56  Drone, Extractor x2  
  94  6:59  Drone x2  
  74  7:16  Zergling x6  
  74  7:17  Zergling x14  
  74  7:22  Zergling x6  
  86  7:28  Zergling x2  
  87  7:33  Baneling  
  87  7:43  Baneling x2  
  86  7:47  Zergling x8  
  86  7:48  Zergling x6  
  86  7:50  Baneling x2  
  86  7:51  Overlord  
  92  8:03  Zergling x2  
  92  8:04  Zergling x10  
  83  8:16  Zergling x2  
  83  8:17  Zergling x12  
Show
View Real Time Build Order
Export as new Build Order

Divain Terran - Winner!

Build Orders: Reaper Expand 

Get SALT Encoding   

  12  0:01  SCV  
  13  0:13  SCV  
  14  0:18  Supply Depot  
  14  0:25  SCV  
  15  0:39  SCV  
  15  0:41  Barracks  
  16  0:45  Refinery  
  16  0:51  SCV  
  17  1:04  SCV  
  18  1:16  SCV  
  19  1:28  Orbital Command  
  19  1:29  Reaper  
  20  1:42  Command Center  
  20  1:55  SCV, Supply Depot  
  21  2:08  SCV, Barracks Reactor  
  22  2:25  Factory  
  22  2:35  SCV  
  23  2:45  Marine x2  
  25  2:52  SCV  
  25  2:55  Orbital Command  
  27  3:12  SCV  
  27  3:17  Starport  
  27  3:23  SCV  
  27  3:25  SCV  
  29  3:28  Barracks  
  29  3:31  Barracks Tech Lab  
  28  3:35  Barracks, SCV  
  28  3:36  Barracks  
  28  3:39  SCV  
  30  3:41  Refinery  
  30  3:47  SCV  
  31  3:50  Engineering Bay  
  31  3:51  SCV  
  31  3:52  Engineering Bay  
  36  3:55  Hellion x2  
  36  3:57  Marine  
  36  3:58  Stimpack  
  36  3:59  SCV  
  38  4:03  SCV  
  39  4:11  SCV  
  39  4:15  Marine  
  38  4:19  Hellion x2  
  38  4:20  SCV  
  38  4:23  SCV  
  44  4:26  Barracks Reactor  
  44  4:31  Starport Reactor  
  44  4:33  Marine  
  44  4:34  SCV  
  46  4:43  Supply Depot  
  46  4:46  Barracks Reactor  
  46  4:49  Supply Depot  
  46  4:52  Barracks Reactor  
  46  5:00  Supply Depot  
  46  5:05  SCV x2, Supply Depot  
  46  5:06  Barracks  
  48  5:09  Refinery  
  48  5:10  Refinery  
  48  5:14  Supply Depot  
  48  5:15  Marine x3  
  48  5:17  SCV x2  
  48  5:19  Medivac  
  55  5:24  Marine x2  
  57  5:29  SCV x2  
  57  5:33  Marine x2  
  57  5:35  Terran Infantry Weapons Level 1  
  61  5:40  Marine x2  
  61  5:41  SCV x2  
  61  5:42  Marauder  
  67  5:46  Supply Depot  
  67  5:51  Terran Infantry Armor Level 1  
  67  5:53  SCV x2  
  67  5:54  Widow Mine  
  71  6:05  SCV x2, Marine x4  
  71  6:06  Barracks Reactor  
  71  6:10  Marine x2  
  79  6:17  Marine  
  81  6:19  Supply Depot  
  81  6:22  Marine  
  81  6:23  Marine x2  
  83  6:31  Marine x3  
  85  6:35  Marine  
  86  6:40  Marine x2  
  86  6:41  Marine  
  86  6:45  Armory  
  87  6:48  Marine x2  
  87  6:49  Marine x3  
  87  6:52  Marine  
  92  6:58  Marine x3  
  95  7:02  Armory  
  95  7:06  Marine x2  
  95  7:07  Command Center, Marine x2  
  86  7:17  Marine x5  
  91  7:23  SCV x2  
  91  7:24  Marine x3  
  91  7:25  Marine  
  97  7:33  Medivac x2  
  101  7:40  Supply Depot  
  102  7:58  Marauder  
  102  8:03  Medivac  
  102  8:04  Marine  
  102  8:05  Marine x3  
Tags
 
Add a new tag
Caveats
  • Supply blocks, unpowered buildings, or Contaminate may cause inaccurate times.
  • Supply counts are checked every 10 seconds.